cohdb
Replays
Latest Replays
All Replays
Popular Replays
Top Player Replays
Match Explorer
How It Works
Community
CoH3 Stats
Reddit
Sign in to upload your games and track your stats! →
Sign in with Steam
Match 44494597
Unlisted
Match 44494597
Overview
Messages
Build Orders
End
Construct Infanterie Kompanie
Selects Mechanized Battlegroup
MG 42 Machine Gun Team
GrW 34 Mortar Team
MG 42 Machine Gun Team
Construct Panzergrenadier Kompanie
Medical Station
Panzergrenadier Squad
Panzergrenadier Squad
Construct Panzer Kompanie
Selects Raid Package
Selects StuG Assault Group
Sturmpanzer IV Brummbär
Sturmpanzer IV Brummbär
Selects UNKNOWN (2160084)
Selects Spotting Scopes
Selects Stoßtruppen Assault Package
King Raptor
SHELDONATOR
PamarkCOH3
aries_m6
Xohaib
KAZMI
Obaid
zilrayprime
0
0
Comments
sign in to comment!
No comments posted yet!